 Dungeon Crawl Stone Soup version 0.31.0-4-g52a2dc7128 (webtiles) character file.

Game seed: 15156851668724208265

45238 kittinger the Unforgettable (level 14, -9/97 HPs)
             Began as a Demonspawn Gladiator on Jan 22, 2024.
             Was the Champion of Hepliaklqana.
             Mangled by an ogre
             ... wielding a +0 giant spiked club
              (24 damage)
             ... on level 2 of the Orcish Mines on Jan 23, 2024.
             The game lasted 01:07:26 (13657 turns).

kittinger the Unforgettable (Demonspawn Gladiator) Turns: 13657, Time: 01:07:27

Health: -9/97      AC: 21    Str: 18    XL:     14   Next: 0%
Magic:  21/21      EV: 11    Int: 20    God:    Hepliaklqana [******]
Gold:   908        SH: 19    Dex: 15    Spells: 13/13 levels left

rFire   . . .        f - +7 hand axe of the End {protect, +Blink Int+2}
rCold   + . .        x - +3 tower shield {rC+}
rNeg    . . .        G - +2 leather armour of Gluttony {Str+2 Stlth+}
rPois   .            (helmet restricted)
rElec   .            A - +2 cloak
rCorr   +            b - +1 pair of gloves
SInv    .            Q - +2 pair of boots {Fly}
Will    +....        h - amulet of regeneration
Stlth   +++++        H - ring of resist corrosion
HPRegen 1.16/turn    (no ring)
MPRegen 0.17/turn

%: wizardry (x1)
@: under a protective aura, flying, studying Stealth, invisible
A: reduced essence, antennae 1, icemail 1, spiny 1, big brain 3, condensation
shield
a: Renounce Religion, Evoke Blink, Recall Ancestor, Ancestor Identity,
Transference, Idealise


You were on level 2 of the Orcish Mines.
You worshipped Hepliaklqana.
Hepliaklqana was exalted by your worship.
You visited 5 branches of the dungeon, and saw 20 of its levels.
You also visited: Sewer, Bailey and Ice Cave.

You collected 1340 gold pieces.
You spent 432 gold pieces at shops.

Inventory:

Hand Weapons
 f - the +7 hand axe of the End (weapon) {protect, +Blink Int+2}
   (You found it on level 7 of the Dungeon)

   Int+2:     It affects your intelligence (+2).
   +Blink:    It lets you blink.
 u - a +3 quarterstaff of chaos
 L - a +5 battleaxe of freezing
 T - a +2 great sword of flaming
 Y - a +2 trident of venom
Missiles
 d - 7 throwing nets
 e - 3 javelins (quivered)
 l - 38 poisoned darts
 n - 28 boomerangs
 F - 5 curare-tipped darts
Armour
 b - a +1 pair of gloves (worn)
 g - a +4 chain mail
 v - a +0 cloak of poison resistance
 x - a +3 tower shield of cold resistance (worn)
 z - a +0 ring mail of willpower
 A - a +2 cloak (worn)
 G - the +2 leather armour of Gluttony (worn) {Str+2 Stlth+}
   (You found it on level 6 of the Dungeon)

   Str+2:     It affects your strength (+2).
   Stlth+:    It makes you more stealthy.
 Q - a +2 pair of boots of flying (worn)
 R - a +0 kite shield
Jewellery
 h - an amulet of regeneration (around neck)
 H - a ring of resist corrosion (left hand)
 J - an amulet of faith
Wands
 i - a wand of roots (3)
 s - a wand of paralysis (35)
 t - a wand of flame (27)
 y - a wand of mindburst (4)
 U - a wand of quicksilver (13)
Scrolls
 a - 2 scrolls of identify
 p - 2 scrolls of poison
 q - 4 scrolls of revelation
 r - 3 scrolls of fog
 B - 8 scrolls of teleportation
 C - 2 scrolls of fear
 I - 3 scrolls of immolation
 P - a scroll of acquirement
 W - 2 scrolls of summoning
 X - a scroll of enchant weapon
Potions
 c - 2 potions of lignification
 j - a potion of curing
 k - 3 potions of magic
 m - 6 potions of enlightenment
 o - 2 potions of brilliance
 w - a potion of might
 E - a potion of resistance
 N - 2 potions of cancellation
 O - 3 potions of invisibility
 S - 2 potions of attraction


   Skills:
 - Level 9.3 Fighting
 + Level 9.5(10.3) Axes
 - Level 5.8(8.5) Polearms
 + Level 6.5 Throwing
 - Level 7.0 Armour
 - Level 5.0 Dodging
 - Level 10.0 Stealth
 + Level 9.7 Shields
 - Level 3.0 Unarmed Combat
 - Level 10.6 Invocations
 + Level 5.6 Evocations


You had 13 spell levels left.
You didn't know any spells.
Your spell library contained the following spells:

 Spells                   Type           Power      Damage    Failure   Level
 Slow                     Hex            0%         N/A       41%         1
 Dazzling Flash           Conj/Hex       0%         N/A       77%         3
 Volatile Blastmotes      Fire/Tloc      0%         2d10      77%         3
 Animate Dead             Necr           0%         N/A       98%         4
 Olgreb's Toxic Radiance  Alch           0%         N/A       98%         4
 Petrify                  Alch/Erth      0%         N/A       98%         4
 Vhi's Electric Charge    Tloc/Air       0%         N/A       98%         4
 Arcjolt                  Conj/Air       0%         1d10      100%        5
 Borgnjor's Vile Clutch   Necr/Erth      0%         N/A       100%        5
 Irradiate                Conj/Alch      0%         3d11      100%        5
 Death Channel            Necr           0%         N/A       100%        6
 Starburst                Conj/Fire      0%         6d3       100%        6
 Ozocubu's Refrigeration  Ice            0%         4d7       100%        7
 Discord                  Hex            0%         N/A       100%        8
 Maxwell's Capacitive Co  Air            0%         ∞         100%        8


Dungeon Overview and Level Annotations

Branches:
Dungeon (14/15)            Temple (1/1) D:4            Lair (2/5) D:9
 Shoals (1/4) Lair:2          Orc (2/2) D:12            Elf (0/3) Orc:2
  Sewer (visited)          Bailey (visited)           IceCv (visited)
  Snake: Lair:2-3    Spider: Lair:2-3    Vaults: D:13-14

Altars:
Ashenzari
Cheibriados
Dithmenos
Fedhas
Gozag
Hepliaklqana
Kikubaaqudgha
Makhleb
Nemelex Xobeh
Okawaru
Qazlal
Ru
Sif Muna
Trog
Uskayaw
Vehumet
Wu Jian
Xom
Yredelemnul

Shops:
D:2 (   D:6 *   D:11 ?   D:13 *   Orc:1 ?   Shoals:1 *

Portals:
Trove: D:10 (give +3 shadow dragon scales)

Annotations:
D:7 2 transporters, exclusion: oklob plant, HourglassMan's ghost, novice MiFi


Innate Abilities, Weirdness & Mutations

Your life essence is reduced to manifest your ancestor. (-10% HP)
You have a pair of small antennae on your head.
A meltable icy envelope protects you from harm. (AC +0)
You are partially covered in sharp spines.
You have an absolutely massive brain. (Int +6, Wiz)
A meltable shield of frost defends you. (SH +0)


Message History

You completely miss the two-headed ogre.
The two-headed ogre is heavily wounded.
You barely miss the ogre. You barely miss something.
The ogre shouts!
You hit the deep troll.
You hear a shout!
You hear two shouts!
The deep troll completely misses you. You block the deep troll's attack. x2
A two-headed ogre comes into view.
It is wielding a +0 giant spiked club and a +0 giant club.
You block the ogre's attack. Something hits you but does no damage.
You hit the two-headed ogre.
The two-headed ogre is heavily wounded.
You hit the deep troll. You hit the ogre. You hit something but do no damage.
Something hits you but does no damage.
The deep troll is struck by your spines.
The deep troll bites you. You block the deep troll's attack. x2
The ogre is struck by your spines.
The ogre hits you with a +0 giant spiked club!!
You block the two-headed ogre's attack. x2
You slash the two-headed ogre!
The two-headed ogre is severely wounded.
You hit the deep troll. You barely miss the ogre. You miss something.
You hear some strange, mumbled words.
A bolt of magma appears from out of thin air!
The bolt of magma hits you!!
* * * LOW HITPOINT WARNING * * *
You block the deep troll's attack. The deep troll claws you.
* * * LOW HITPOINT WARNING * * *
You block the deep troll's attack. You block the ogre's attack.
Something hits you but does no damage.
You fade into invisibility!
The deep troll is struck by your spines.
The deep troll bites you but does no damage.
The deep troll barely misses you. You block the deep troll's attack.
Something hits you.
* * * LOW HITPOINT WARNING * * *
You block the two-headed ogre's attack.
The two-headed ogre hits you with a +0 giant club.
* * * LOW HITPOINT WARNING * * *
The ogre hits you with a +0 giant spiked club!!
You die...

.....................
......................
.....................#
...........##...#....
#........######.....
##.##..#.# ###...
##...##.#### #.#..
#..........# ###....
#..#@{.....# #......
#...TOO###..........#.
#..{#T## ...<......##
##.#TT# ...##.##.# #
#...OOT ...# ## #
#O...O. ...# # O#.....
# ## ....(.(.. #.#.
...#


You could see 2 two-headed ogres, a deep troll, 4 trolls and 5 ogres.

Vanquished Creatures
  A merfolk impaler (Shoals:1)
  A merfolk avatar (Shoals:1)
  A boulder beetle (D:11)
  3 two-headed ogres
  3 skysharks (Shoals:1)
  3 sea snakes (Shoals:1)
  A bog body (IceCv)
  An orc knight (Bailey)
  13 harpies (Shoals:1)
  3 cyclopes
  2 manticores (Shoals:1)
  2 merfolk sirens (Shoals:1)
  A cane toad (Lair:1)
  2 komodo dragons
  A freezing wraith (IceCv)
  A rime drake (D:9)
  4 anaconda simulacra (IceCv)
  4 merfolk (Shoals:1)
  2 trolls
  2 dream sheep (Shoals:1)
  2 blink frogs (Lair:1)
  A snapping turtle (Lair:2)
  5 yaks (D:10)
  Eustachio (D:5)
  3 dire elephant simulacra (IceCv)
  3 wyverns
  A fire bat (D:8)
  A warg (Orc:1)
  2 vampire mosquitoes (D:10)
  A hydra simulacrum (IceCv)
  A harpy simulacrum (IceCv)
  A water moccasin (Lair:1)
  5 orc warriors
  3 ice beasts (D:9)
  2 black bears
  7 ogres
  A wolf (D:9)
  A centaur (D:8)
  2 phantoms (D:6)
  3 bullfrogs
  2 gnoll sergeants (D:10)
  2 scorpions
  5 wights
  6 killer bees
  3 howler monkeys
  A bombardier beetle (D:5)
  2 jellies
  A sleepcap (D:7)
  A bullfrog skeleton (D:6)
  4 orc priests
  3 orc wizards
  A spriggan simulacrum (IceCv)
  10 gnolls
  7 adders
  A shadow imp (D:7)
  A white imp (D:8)
  2 ufetubi
  2 ribbon worms
  22 orcs
  9 ball pythons
  A bat (D:2)
  5 endoplasms
  A giant cockroach (D:3)
  10 goblins
  6 hobgoblins
  2 quokkas
  13 kobolds
  4 rats
224 creatures vanquished.

Vanquished Creatures (collateral kills)
  An orc high priest (Orc:1)
  2 skysharks (Shoals:1)
  Amaemon (D:11)
  2 sea snakes (Shoals:1)
  5 harpies (Shoals:1)
  An ugly thing (D:12)
  A necromancer (IceCv)
  A deep elf pyromancer (D:13)
  A cyclops (D:12)
  An orc sorcerer (Orc:2)
  2 manticores (D:12)
  2 ice statues (IceCv)
  A black mamba (Lair:1)
  A kobold blastminer (Orc:2)
  A water nymph (Shoals:1)
  3 cane toads (Lair:1)
  An orange demon (D:11)
  2 kobold demonologists (D:12)
  A rime drake (Lair:1)
  A freezing wraith (IceCv)
  2 ice devils (IceCv)
  A troll (D:9)
  2 merfolk (Shoals:1)
  A wind drake (Shoals:1)
  4 blink frogs (Lair:1)
  2 vampires (D:10)
  2 basilisks (Lair:1)
  3 yaks (D:10)
  A dire elephant simulacrum (IceCv)
  A wraith (D:12)
  A water elemental (Lair:2)
  3 water moccasins
  5 orc warriors
  A black bear (Lair:1)
  3 ice beasts
  A sky beast (D:8)
  A wolf (D:9)
  3 ogres
  4 centaurs
  4 bullfrogs
  3 kobold brigands
  A brain worm (Sewer)
  A gnoll sergeant (D:7)
  A scorpion (D:5)
  2 cane toad simulacra (IceCv)
  A water moccasin zombie (D:6)
  3 wights
  An elephant simulacrum (IceCv)
  3 killer bees
  3 howler monkeys
  A bullfrog zombie (D:6)
  Crazy Yiuf (D:3)
  4 orc priests
  A sleepcap (D:6)
  An iguana (D:5)
  7 orc wizards
  8 gnolls
  2 adders
  2 ufetubi
  4 ribbon worms
  12 orcs
  6 ball pythons
  An endoplasm (D:2)
  A giant cockroach (D:6)
  A goblin (Bailey)
  4 hobgoblins
  17 kobolds
  3 quokkas
  4 rats (Sewer)
175 creatures vanquished.

Vanquished Creatures (others)
  8 battlemagi
  An orc wizard (Orc:2)
  An ancestor (D:1)
10 creatures vanquished.

Grand Total: 409 creatures vanquished

Notes
Turn   | Place    | Note
-------+----------+-------------------------------------------
     0 | D:1      | kittinger the Demonspawn Gladiator began the quest for the
                  | Orb.
     0 | D:1      | Reached XP level 1. HP: 16/16 MP: 1/1
   299 | D:1      | Found a faded altar of an unknown god.
   311 | D:1      | Prayed at the altar of an unknown god.
   311 | D:1      | Became a worshipper of Hepliaklqana the Forgotten
   311 | D:1      | Reached * piety under Hepliaklqana
   584 | D:1      | Gained mutation: You are partially covered in sharp spines.
                  | [demonic ancestry]
   584 | D:1      | Reached XP level 2. HP: 19/19 MP: 2/2
  1040 | D:2      | Reached skill level 1 in Invocations
  1040 | D:2      | Reached XP level 3. HP: 25/25 MP: 3/3
  1104 | D:2      | Found Hiokapa's Weapon Shoppe.
  1107 | D:2      | Reached ** piety under Hepliaklqana
  1113 | D:2      | Remembered your ancestor Tlaloc as a battlemage
  1292 | D:2      | Identified the +1 leather armour of the Taurataur {Int+4}
  1306 | D:2      | Identified the +5 sling "Eweonnu" {freeze, Str+2}
  1664 | D:3      | Reached XP level 4. HP: 30/30 MP: 5/5
  1689 | D:3      | Found a broken altar of Ashenzari.
  1899 | D:3      | Found an iron altar of Okawaru.
  2079 | D:3      | Found a shimmering blue altar of Sif Muna.
  2265 | D:3      | Found a runed translucent door.
  2266 | D:3      | Noticed Crazy Yiuf
  2455 | D:3      | Killed Crazy Yiuf
  2835 | D:4      | Noticed a scorpion
  2840 | D:4      | Killed a scorpion
  2841 | D:4      | Reached skill level 1 in Unarmed Combat
  2841 | D:4      | Reached skill level 1 in Evocations
  2841 | D:4      | Reached XP level 5. HP: 36/36 MP: 6/6
  2858 | D:4      | Found a staircase to the Ecumenical Temple.
  2999 | D:4      | Reached *** piety under Hepliaklqana
  3108 | D:4      | Reached skill level 1 in Armour
  3123 | D:4      | Identified the +1 dagger "Unlobre" {flame, Str-5 Int+3}
  3359 | Temple   | Entered the Ecumenical Temple
  3382 | D:5      | Entered Level 5 of the Dungeon
  3413 | D:5      | Noticed an ogre
  3417 | D:5      | Killed an ogre
  3418 | D:5      | Gained mutation: A meltable shield of frost defends you.
                  | (SH +0) [demonic ancestry]
  3418 | D:5      | Reached XP level 6. HP: 42/42 MP: 7/7
  3441 | D:5      | Found a hide-covered altar of Uskayaw.
  3528 | D:5      | Gained mutation: A meltable icy envelope protects you from
                  | harm. (AC +0) [demonic ancestry]
  3528 | D:5      | Reached XP level 7. HP: 13/46 MP: 8/8
  4138 | D:5      | Noticed Eustachio
  4141 | D:5      | Killed Eustachio
  4142 | D:5      | Reached skill level 1 in Stealth
  4142 | D:5      | Reached XP level 8. HP: 52/52 MP: 9/9
  4227 | D:6      | Found a glowing drain.
  4259 | Sewer    | Entered a sewer
  4358 | Sewer    | Reached skill level 5 in Polearms
  4751 | D:6      | Reached **** piety under Hepliaklqana
  4892 | D:6      | Found Biomedd's CLEARANCE SALE!.
  4902 | D:6      | Bought a scroll of teleportation for 15 gold pieces
  4902 | D:6      | Bought a potion of heal wounds for 25 gold pieces
  4924 | D:6      | Found a sparkling altar of Nemelex Xobeh.
  5015 | D:6      | Identified the +2 leather armour of Gluttony {Str+2 Stlth+}
  5208 | D:6      | Gained mutation: You have an unusually large brain. (Int
                  | +2) [demonic ancestry]
  5208 | D:6      | Reached XP level 9. HP: 59/59 MP: 10/10
  5303 | D:7      | Found a transporter.
  5345 | D:7      | Noticed a cyclops
  5345 | D:7      | Noticed HourglassMan's ghost (novice MiFi)
  5347 | D:7      | Noticed an oklob plant
  5403 | D:7      | Reached skill level 5 in Stealth
  5403 | D:7      | Reached skill level 5 in Evocations
  5534 | D:7      | Found a transporter.
  5687 | D:7      | Reached skill level 5 in Fighting
  5763 | D:7      | Found a flagged portal.
  5773 | D:7      | Identified the +7 hand axe of the End {protect, +Blink
                  | Int+2}
  5777 | Bailey   | Entered a bailey
  5819 | Bailey   | Noticed an orc knight
  5851 | Bailey   | Reached skill level 5 in Dodging
  5993 | Bailey   | Killed an orc knight
  5994 | Bailey   | Reached skill level 1 in Axes
  5994 | Bailey   | Reached skill level 5 in Armour
  6021 | Bailey   | Got Olekyib's Spellbook of Hexing Toxicity
  6759 | D:8      | Reached skill level 5 in Invocations
  6888 | D:8      | Gained mutation: You have a pair of small antennae on your
                  | head. [demonic ancestry]
  6888 | D:8      | Reached XP level 10. HP: 66/66 MP: 13/13
  6895 | D:8      | Reached skill level 1 in Shields
  7005 | D:8      | Reached ***** piety under Hepliaklqana
  7122 | D:8      | Found a shimmering altar of Xom.
  7376 | D:8      | Found a snail-covered altar of Cheibriados.
  7376 | D:8      | Found an opulent altar of Gozag.
  7755 | D:9      | Found a staircase to the Lair.
  8094 | D:10     | Entered Level 10 of the Dungeon
  8167 | D:10     | Noticed a two-headed ogre
  8179 | D:10     | Killed a two-headed ogre
  8322 | D:10     | Found a stormy altar of Qazlal.
  8361 | D:10     | Reached skill level 5 in Axes
  8592 | D:10     | Reached XP level 11. HP: 71/71 MP: 16/16
  8601 | D:10     | Reached skill level 10 in Stealth
  8988 | D:10     | Found a portal to a secret trove of treasure.
  9098 | Lair:1   | Entered Level 1 of the Lair of Beasts
  9315 | Lair:1   | Reached skill level 5 in Shields
  9677 | Lair:1   | Found a frozen archway.
  9686 | IceCv    | Entered an ice cave
 10035 | IceCv    | Gained mutation: You have an extremely huge brain. (Int +4)
                  | [demonic ancestry]
 10035 | IceCv    | Reached XP level 12. HP: 73/81 MP: 18/18
 10445 | Lair:2   | Found a staircase to the Shoals.
 10503 | Shoals:1 | Entered Level 1 of the Shoals
 10606 | Shoals:1 | Reached skill level 5 in Throwing
 10621 | Shoals:1 | HP: 4/81 [sea snake (16)]
 10623 | Shoals:1 | HP: 1/81 [harpy (4)]
 10873 | Shoals:1 | Found Geuxist's General Store.
 10890 | Shoals:1 | Reached XP level 13. HP: 87/87 MP: 19/19
 11039 | Shoals:1 | Noticed a merfolk impaler
 11090 | Shoals:1 | Killed a merfolk impaler
 11094 | Shoals:1 | HP: 4/88 [merfolk/+0 trident[a merfolk impaler] (12)]
 12056 | D:11     | Reached ****** piety under Hepliaklqana
 12138 | D:11     | Noticed Amaemon
 12145 | D:11     | Paralysed by Amaemon for 5 turns
 12148 | D:11     | Killed Amaemon
 12149 | D:11     | Reached skill level 10 in Invocations
 12210 | D:11     | Found Cesiv's Magic Scroll Boutique.
 12228 | D:11     | Bought a scroll of identify for 24 gold pieces
 12228 | D:11     | Bought a scroll of identify for 24 gold pieces
 12228 | D:11     | Bought a scroll of teleportation for 36 gold pieces
 12228 | D:11     | Bought a scroll of identify for 24 gold pieces
 12228 | D:11     | Bought a scroll of teleportation for 36 gold pieces
 12228 | D:11     | Bought a scroll of identify for 24 gold pieces
 12231 | D:11     | Identified a scroll of acquirement
 12303 | D:11     | You are sucked into a shaft and drop 3 floors!
 12384 | D:13     | Found Ecakegaj's General Store.
 12667 | D:12     | Identified the +8 quarterstaff of Caustic Honour {flame,
                  | Str+2 Int+3}
 12824 | D:12     | Found a staircase to the Orcish Mines.
 13203 | Orc:1    | Entered Level 1 of the Orcish Mines
 13375 | Orc:1    | Found Xonwinno's Magic Scroll Shop.
 13381 | Orc:1    | Bought a scroll of enchant armour for 112 gold pieces
 13381 | Orc:1    | Bought a scroll of enchant armour for 112 gold pieces
 13426 | Orc:2    | Entered Level 2 of the Orcish Mines
 13446 | Orc:2    | Found a staircase to the Elven Halls.
 13648 | Orc:2    | Gained mutation: You have an absolutely massive brain. (Int
                  | +6, Wiz) [demonic ancestry]
 13648 | Orc:2    | Reached XP level 14. HP: 92/97 MP: 21/21
 13657 | Orc:2    | Mangled by an ogre

Illustrated notes

Levels and vault maps discovered:
D:1:      dpeg_arrival_chambers_temple_mockup, layout_basic,
          hellmonk_ecumenical_altar_zigzags
D:2:      layout_loops_ring, serial_shops, shop, st_stairs_6
D:3:      layout_loops_ring, mainiacjoe_overflow_alcove_1,
          lemuel_blue_sif_altar, nicolae_elyvilon_temple_path,
          cheibrodos_ashenzari_chains, uniq_crazy_yiuf_cottage
D:4:      layout_loops_ring, minmay_temple_entry_trees, st_stairs_10,
          nicolae_figureground_pulse
D:5:      layout_basic, nicolae_uskayaw_murder_on_the_dancefloor,
          minmay_manual_mares, uniq_eustachio
D:6:      layout_cave_pools, lemuel_doored_altar, cheibrodos_sewer_entry_drain,
          serial_undead, serial_undead_b, serial_undead_c, serial_undead_c,
          serial_undead_e, nicolae_shop_clearance
D:7:      layout_basic, tso_oasis_becter, nzn_ghost_randoct, enter_bailey_2,
          minmay_misc_feat_room
D:8:      layout_gridville, regret_index_xom_of_box,
          gammafunk_temple_overflow_elements
D:9:      layout_cave_pools, hellmonk_lair_entry_icy, minmay_misc_feat_hallway,
          minmay_misc_feat_tower, minmay_misc_feat_square,
          kennysheep_decorative_pillar
D:10:     layout_stronghold, grunt_qazlal_clouds, zin_statuary,
          trove_entry_hex_spiral, serial_column_ruins, column_ruins_open_tiny,
          column_ruins_grid_1, column_ruins_open_small, column_ruins_open_medium
D:11:     layout_cave_pools, serial_shops, shop, uniq_amaemon
D:12:     layout_cave_pods, orc_0_dummy
D:13:     layout_roguey, serial_shops, nicolae_shop_stone
D:14:     layout_loops_cross, erik_vaults_2, kennysheep_cross_room,
          lemuel_zombie_altar_yredelemnul
Temple:   dpeg_chambers_temple
Lair:1:   layout_gridlike, portal_ice_cave_entry_pillars_2,
          nicolae_lair_grove_arrangements
Lair:2:   layout_chaotic_city, minmay_shoals_entry_hut, lemuel_fruit_tree
Shoals:1: cheibrodos_shoals_roost, layout_shoals, serial_shops,
          nicolae_shop_window_shopping
Orc:1:    layout_caves, serial_shops, nicolae_shop_tiny_glass, uniq_erica
Orc:2:    st_orc_open, layout_caves, nicolae_volcano_entry_vermiform,
          basic_altar, nicolae_orc_sculptors_studio, mines2_lemuel

Skill      XL: |  1  2  3  4  5  6  7  8  9 10 11 12 13 |
---------------+----------------------------------------+-----
Throwing       | 2 3 6 |  6.5
Polearms       | 3 4 5 |  5.8
Dodging        | 3 4 5 |  5.0
Invocations    | 1 2 5 7 8 10 | 10.6
Fighting       | 3 4 5 7 9 |  9.3
Unarmed Combat | 1 2 3 |  3.0
Evocations     | 1 2 3 4 5 |  5.6
Armour         | 1 2 3 4 5 6 7 |  7.0
Stealth        | 1 4 7 9 10 | 10.0
Axes           | 2 5 6 8 9 |  9.5
Shields        | 4 6 8 9 |  9.7

Action                     |  1- 3 |  4- 6 |  7- 9 | 10-12 | 13-15 || total
---------------------------+-------+-------+-------+-------+-------++-------
  Melee: Trident           |    70 |     7 |       |       |       ||    77
         Quarterstaff      |       |    36 |   101 |       |       ||   137
         Punch             |       |     1 |     1 |       |       ||     2
         Hand axe          |       |       |    45 |   380 |   218 ||   643
         Battleaxe         |       |       |    10 |       |       ||    10
  Throw: Dart              |       |     3 |     2 |    11 |       ||    16
         Boomerang         |       |       |    34 |    23 |    29 ||    86
         Javelin           |       |       |       |       |     3 ||     3
 Invoke: Ancestor Identity |     1 |       |       |       |     1 ||     2
         Ancestor Life: Ba |     1 |       |       |       |       ||     1
         Transference      |       |       |     1 |       |       ||     1
         Idealise          |       |       |       |     1 |     3 ||     4
         Recall Ancestor   |       |       |       |       |     2 ||     2
Ability: Evoke Blink       |       |       |       |       |     1 ||     1
  Evoke: Wand              |       |     1 |     4 |     1 |     8 ||    14
    Use: Scroll            |     1 |     4 |     4 |    10 |    13 ||    32
         Potion            |       |     1 |       |     6 |     7 ||    14
   Stab: Distracted        |     1 |       |     4 |     3 |     6 ||    14
         Sleeping          |       |       |     2 |    13 |     1 ||    16
         Paralysed         |       |       |       |     3 |       ||     3
 Armour: Ring mail         |    23 |    30 |    51 |       |       ||   104
         Leather armour    |       |       |    58 |   291 |   142 ||   491
  Dodge: Dodged            |    22 |    19 |   100 |   161 |    67 ||   369
  Block: Other             |       |     3 |    32 |       |       ||    35
         Kite shield       |       |       |     6 |   191 |       ||   197
         Tower shield      |       |       |       |   151 |   284 ||   435
